 Dungeon Crawl Stone Soup version 0.28.0-1-gb440e238dd (webtiles) character file.

Game seed: 15848934932039756018

600 themarg the Destroyer (level 7, -3/36 HPs)
             Began as a Tengu Conjurer on Feb 20, 2022.
             Was an Initiate of Vehumet.
             Killed from afar by an acid dragon (23 damage)
             ... with a splash of acid
             ... on level 5 of the Dungeon.
             The game lasted 00:18:48 (5440 turns).

themarg the Destroyer (Tengu Conjurer)              Turns: 5440, Time: 00:18:49

Health: -3/36      AC: -1    Str: 13    XL:     7   Next: 41%
Magic:  7/14       EV: 14    Int: 21    God:    Vehumet [......]
Gold:   225        SH:  0    Dex: 12    Spells: 9/15 levels left

rFire   . . .      SeeInvis .   s - +4 mace
rCold   . . .      Faith    .   (no shield)
rNeg    + . .      Spirit   .   a - +0 robe
rPois   .          Reflect  .   (helmet restricted)
rElec   .          Harm     .   d - +0 cloak
rCorr   .          Rampage  .   (no gloves)
Will    .....                   (boots unavailable)
Stlth   ++........              h - amulet of regeneration
HPRegen 0.92/turn               e - +6 ring of strength
MPRegen 0.14/turn               l - ring of positive energy

@: corroded, flying quickly and evasively, quick
A: beak, talons 3, nimble flight
a: Renounce Religion


You were on level 5 of the Dungeon.
You worshipped Vehumet.
Vehumet was noncommittal.
You visited 2 branches of the dungeon, and saw 6 of its levels.

You collected 225 gold pieces.

Inventory:

Hand Weapons
 c - a +0 short sword
 s - a +4 mace (weapon)
Missiles
 i - 4 poisoned darts
 m - 111 stones
Armour
 a - a +0 robe (worn)
 d - a +0 cloak (worn)
Jewellery
 e - a +6 ring of strength (left hand)
 h - an amulet of regeneration (around neck)
 l - a ring of positive energy (right hand)
 r - a ring of resist corrosion
Scrolls
 b - a scroll of fog
 f - a scroll of enchant armour {unknown}
 k - 2 scrolls of blinking
 o - a scroll of magic mapping {unknown}
 t - a scroll of fear {unknown}
Potions
 g - a potion of lignification
 j - a potion of berserk rage {unknown}
 n - 2 potions of curing
 p - a potion of flight {unknown}
 q - 2 potions of magic {unknown}


   Skills:
 + Level 0.2 Fighting
 + Level 2.5 Dodging
 + Level 2.7 Stealth
 + Level 4.6 Spellcasting
 + Level 9.2 Conjurations


You had 9 spell levels left.
You knew the following spells:

 Your Spells              Type           Power      Damage    Failure   Level
a - Magic Dart            Conj           100%       1d8       1%          1
b - Searing Ray           Conj           86%        2d7       1%          2
c - Dazzling Flash        Conj/Hex       48%        N/A       4%          3

Your spell library contained the following spells:

 Spells                   Type           Power      Damage    Failure   Level
 Fulminant Prism          Conj/Hex       12%        3d9       17%         4
 Iskenderun's Mystic Bla  Conj/Tloc      24%        2d7       17%         4
 Confusing Touch          Hex            4%         N/A       34%         3
 Yara's Violent Unravell  Hex/Tmut       2%         3d3       97%         5
 Enfeeble                 Hex            2%         N/A       100%        7


Dungeon Overview and Level Annotations

Branches:
Dungeon (5/15)             Temple (1/1) D:4

Altars:
Ashenzari
Cheibriados
Dithmenos
Elyvilon
Fedhas
Gozag
Makhleb
Ru
Trog
Uskayaw
Vehumet
Wu Jian
Xom
Yredelemnul

Shops:
D:1 :   D:3 [

Annotations:
D:4 exclusion: downstairs
D:5 2 transporters, exclusion: acid dragon, a3don's ghost, novice GrFi


Innate Abilities, Weirdness & Mutations

You have a beak for a mouth.
You have claws for feet.
Your magical nature lets you fly swiftly and evasively.


Message History

Confirm with . or Enter, or press ? or * to list all spells.
Aiming: Searing Ray (safe; 1% risk of failure)
Press: ? - help, Shift-Dir - straight line, f/p - gnoll
Aim: a gnoll, wielding a +0 flail (heavily wounded, 84% to hit)
The searing ray hits the gnoll.
The gnoll is severely wounded. (Press . to maintain the ray.)
The gnoll hits you with a +0 flail!
You hit the gnoll. You claw the gnoll, but do no damage.
Your peck misses the gnoll.
The gnoll is almost dead.
The gnoll completely misses you.
You completely miss the gnoll. Your peck misses the gnoll.
The gnoll is almost dead.
The gnoll closely misses you. The gnoll hits you with a +0 flail.
You hit the gnoll but do no damage. You claw the gnoll.
You kill the gnoll!
Vehumet accepts your kill.
There is an escape hatch in the ceiling here.
You start resting.
HP restored.
You start resting.
An acid dragon is nearby!
Casting: Searing Ray (safe; 1% risk of failure)
Confirm with . or Enter, or press ? or * to list all spells.
Aiming: Searing Ray (safe; 1% risk of failure)
Press: ? - help, Shift-Dir - straight line, f - acid dragon
Aim: an acid dragon (wandering, hasn't noticed you, 82% to hit)
The searing ray hits the acid dragon!
The acid dragon is moderately wounded.
The acid dragon roars! (Press . to maintain the ray.)
The acid dragon spits acid at you. The splash of acid hits you!
The acid corrodes you!
The searing ray hits the acid dragon.
The acid dragon is heavily wounded.
The acid dragon spits acid at you. The splash of acid hits you!!
Ouch! That really hurt!
You die...

.#. #.##.... .... .......
..g......##..... .....#........#
# ...###.......# ♣ ##...
#.......# # P ###....
#..)...##..# ♣ #....)##
###....D.# ♣♣
♣....###....@#..... ≈♣
♣♣♣..)......### ...
≈♣♣♣.P.)........###....g. ..
.................#........ #..
≈♣♣♣♣♣##..................###
>.. ♣♣♣♣♣♣
##.............#.....# ..
P♣♣..####....###........#...##.#
♣♣♣....#...###
#...#....#......#. ♣♣.#......##
#..## #...........


You could see an acid dragon (catching breath).

Vanquished Creatures
  A water moccasin (D:5)
  An ogre (D:5)
  A howler monkey (D:4)
  A jelly (D:4)
  A gnoll shaman (D:5)
  2 bullfrog skeletons (D:5)
  An orc priest (D:4)
  An iguana (D:4)
  An orc wizard (D:4)
  5 adders
  3 gnolls (D:5)
  2 ufetubi
  An adder skeleton (D:4)
  3 worms
  A dart slug (D:1)
  5 orcs
  3 bats
  7 endoplasms
  5 giant cockroaches
  5 goblins
  5 hobgoblins
  5 jackals
  3 quokkas
  11 ball pythons
  2 frilled lizards
  7 kobolds
  5 rats
88 creatures vanquished.

Vanquished Creatures (others)
  8 plants (D:5)
8 creatures vanquished.

Grand Total: 96 creatures vanquished

Notes
Turn   | Place    | Note
-------+----------+-------------------------------------------
     0 | D:1      | themarg the Tengu Conjurer began the quest for the Orb.
     0 | D:1      | Reached XP level 1. HP: 10/10 MP: 4/4
    70 | D:1      | Found a faded altar of an unknown god.
   105 | D:1      | Reached XP level 2. HP: 15/15 MP: 0/6
   164 | D:1      | Learned a level 2 spell: Searing Ray
   349 | D:1      | Reached skill level 6 in Conjurations
   683 | D:1      | Found Hetiblil's Book Shoppe.
   705 | D:1      | Reached XP level 3. HP: 19/19 MP: 2/7
  1876 | D:3      | Found Ybiuts's Antique Armour Shop.
  2034 | D:3      | Reached XP level 4. HP: 23/24 MP: 3/8
  2081 | D:3      | Learned a level 3 spell: Dazzling Flash
  2380 | D:3      | Reached skill level 7 in Conjurations
  3013 | D:4      | Gained mutation: Your magical nature lets you fly swiftly
                  | and evasively. [Tengu growth]
  3013 | D:4      | Reached XP level 5. HP: 28/28 MP: 5/10
  3351 | D:4      | Found a staircase to the Ecumenical Temple.
  3358 | Temple   | Entered the Ecumenical Temple
  3524 | Temple   | Became a worshipper of Vehumet
  3948 | D:4      | Reached XP level 6. HP: 31/32 MP: 5/12
  3950 | D:4      | Reached skill level 8 in Conjurations
  4675 | D:5      | Entered Level 5 of the Dungeon
  4695 | D:5      | Noticed a water moccasin
  4701 | D:5      | Killed a water moccasin
  4886 | D:5      | Noticed an acid dragon
  5001 | D:5      | Found a transporter.
  5067 | D:5      | Found a transporter.
  5085 | D:5      | Noticed a3don's ghost (novice GrFi)
  5137 | D:5      | Reached XP level 7. HP: 36/36 MP: 3/14
  5282 | D:5      | Reached skill level 9 in Conjurations
  5440 | D:5      | Killed from afar by an acid dragon

Illustrated notes

Levels and vault maps discovered:
D:1:      nzn_arrival_water_spiral, layout_basic,
          chequers_ecumenical_altar_simple_redux, serial_shops, shop
D:2:      layout_basic
D:3:      layout_basic, serial_shops, nicolae_diamond_shop, serial_curves,
          eino_curves_02, eino_curves_03
D:4:      layout_loops_corners, temple_green, minmay_misc_feat_alley,
          grunt_decor_one_mirror, grunt_ministairs_12, nicolae_zen_rock_garden
D:5:      layout_cave_pools, gammafunk_ghost_gnarly_gnolls,
          minmay_misc_feat_chi, serial_bayou_crossing
Temple:   roderic_octagonal_lattice_temple

Skill      XL: |  1  2  3  4  5  6  7 |
---------------+----------------------+-----
Conjurations   | 6 7 8 9 |  9.2
Spellcasting   | 3 4 |  4.6
Fighting       | |  0.2
Dodging        | |  2.5
Stealth        | |  2.7

Action                   |  1- 3 |  4- 6 |  7- 9 || total
-------------------------+-------+-------+-------++-------
Melee: Short sword       |     5 |       |       ||     5
       Kick              |     1 |       |     2 ||     3
       Peck              |     1 |       |       ||     1
       Mace              |       |       |     4 ||     4
 Cast: Magic Dart        |    58 |    63 |     7 ||   128
       Searing Ray       |     7 |    22 |     6 ||    35
  Use: Scroll            |       |     4 |       ||     4
 Stab: Distracted        |     1 |       |       ||     1
Armor: Robe              |     3 |     3 |       ||     6
Dodge: Dodged            |     9 |     4 |     3 ||    16
